 Dungeon Crawl Stone Soup version 0.30.1-1-g62c8e00024 (webtiles) character file.

Game seed: 8986920667428326164

49 CrazyBamboolord the Gusty (level 3, 0/27 HPs)
             Began as a Demonspawn Wanderer on July 17, 2023.
             Slain by Crazy Yiuf
             ... wielding a +4 quarterstaff of chaos
              (13 damage)
             ... on level 2 of the Dungeon.
             The game lasted 00:03:12 (1878 turns).

CrazyBamboolord the Gusty (Demonspawn Wanderer)     Turns: 1878, Time: 00:03:13

Health: 0/27       AC:  3    Str: 10    XL:     3   Next: 53%
Magic:  2/4        EV: 11    Int: 19    God:
Gold:   94         SH:  0    Dex: 10    Spells: 3/4 levels left

rFire   . . .        n - +1 whip (elec)
rCold   . . .        (no shield)
rNeg    . . .        c - +0 robe
rPois   .            f - +0 helmet
rElec   .            (no cloak)
rCorr   .            (no gloves)
SInv    .            (no boots)
Will    .....        (no amulet)
Stlth   +            (no ring)
HPRegen 0.24/turn    (no ring)
MPRegen 0.09/turn

%: no passive effects
@: no status effects
A: spiny 1
a: no special abilities


You were on level 2 of the Dungeon.
You visited 1 branch of the dungeon, and saw 2 of its levels.

You collected 94 gold pieces.

Inventory:

Hand Weapons
 n - a +1 whip of electrocution (weapon)
Armour
 c - a +0 robe (worn)
 f - a +0 helmet (worn)
Wands
 l - a wand of digging (1)
Scrolls
 b - 2 scrolls of teleportation
 e - a scroll of acquirement {unknown}
 g - 2 scrolls of poison {unknown}
 i - a scroll of identify {unknown}
 k - a scroll of butterflies {unknown}
 m - a scroll of enchant weapon {unknown}
Potions
 a - a potion of lignification {unknown}
 d - a potion of curing
 h - a potion of degeneration {unknown}
 j - a potion of attraction {unknown}
 o - a potion of might {unknown}


   Skills:
 * Level 2.2 Fighting
 * Level 0.4 Dodging
 * Level 1.3 Spellcasting
 * Level 0.6 Conjurations
 * Level 5.1 Air Magic
 * Level 2.2 Poison Magic


You had 3 spell levels left.
You knew the following spells:

 Your Spells              Type           Power      Damage    Failure   Level
a - Shock                 Conj/Air       48%        1d6       5%          1

Your spell library contained the following spells:

 Spells                   Type           Power      Damage    Failure   Level
 Sting                    Tmut/Pois      20%        1d4       12%         1
 Mephitic Cloud           Conj/Pois/Air  11%        N/A       19%         3
 Vhi's Electric Charge    Tloc/Air       20%        N/A       19%         3
 Spider Form              Tmut/Pois      5%         N/A       34%         3


Dungeon Overview and Level Annotations

Branches:
Dungeon (2/15)

Altars:
Fedhas

Annotations:
D:2 Crazy Yiuf


Innate Abilities, Weirdness & Mutations

You are partially covered in sharp spines.


Message History

[Y]es or [N]o only, please.
That beam is likely to hit you.
Continue anyway?
The zap hits the bat.
The bat is moderately wounded.
The zap misses the bat.
The zap misses you. x2; The bat barely misses you.
That beam is likely to hit you.
Continue anyway?
The zap hits the bat.
You kill the bat!
The zap hits you. x2
The zap hits the hobgoblin.
The hobgoblin is severely wounded.
You are out of magic!
You closely miss the hobgoblin.
The hobgoblin is severely wounded.
The hobgoblin is struck by your spines.
You kill the hobgoblin!
No target in view!
No target in view!
a - a metallic inky potion
o - a yellow potion You see here a hobgoblin corpse.
Could not explore, unopened runed door.
Could not explore, unopened runed door.
You open the door.
Crazy Yiuf shouts!
The zap hits Crazy Yiuf.
Crazy Yiuf is lightly wounded.
The zap hits Crazy Yiuf but does no damage.
Crazy Yiuf is lightly wounded.
The zap misses Crazy Yiuf.
You hit Crazy Yiuf but do no damage.
Crazy Yiuf is lightly wounded.
Crazy Yiuf hits you with a +4 quarterstaff of chaos!
You are electrocuted!
Ouch! That really hurt!
* * * LOW HITPOINT WARNING * * *
You feel better.
Crazy Yiuf yells, "Paint broken bush!"
Crazy Yiuf hits you with a +4 quarterstaff of chaos!
You die...

...## #..........##.............
#...# #..........#..............
#...# ##################........
###.###### #........ ###......#
#........ .##.####.##♣♣ ###
#........ .##.####....♣♣ ♣♣#..)#
#...##### .##..........♣♣♣♣g'...#
#........ .######.......♣.@♣#...#
#....#.#. .............♣.♣♣♣ ###
#>..##... .†..##...##♣♣♣♣♣
#.).##... .##(####.# #........
.##......################.......#
.#####.###........÷........####.#
## #.# #.....###..<........##†#
######.# #.....####.......#>....)
#......# #.....#.........)#......


You could see Crazy Yiuf.

Vanquished Creatures
  An adder (D:2)
  A dart slug (D:2)
  4 ball pythons (D:1)
  4 bats
  4 endoplasms
  A giant cockroach (D:1)
  5 hobgoblins
  A frilled lizard (D:2)
  3 goblins
  10 kobolds
  2 rats (D:1)
36 creatures vanquished.

Notes
Turn   | Place    | Note
-------+----------+-------------------------------------------
     0 | D:1      | CrazyBamboolord the Demonspawn Wanderer began the quest for
                  | the Orb.
     0 | D:1      | CrazyBamboolord set off with the following items: a +0
                  | club, a scroll of teleportation, a +0 robe, a potion of
                  | curing; and the following spells available to memorise:
                  | Shock, Sting, Mephitic Cloud, Vhi's Electric Charge, Spider
                  | Form.
     0 | D:1      | Reached XP level 1. HP: 16/16 MP: 2/2
     2 | D:1      | Learned a level 1 spell: Shock
    54 | D:1      | Found a faded altar of an unknown god.
   307 | D:1      | Gained mutation: You are partially covered in sharp spines.
                  | [demonic ancestry]
   307 | D:1      | Reached XP level 2. HP: 22/22 MP: 0/3
  1167 | D:2      | Reached skill level 5 in Air Magic
  1167 | D:2      | Reached XP level 3. HP: 13/27 MP: 0/4
  1246 | D:2      | Found a blossoming altar of Fedhas.
  1682 | D:2      | Found a runed translucent door.
  1683 | D:2      | Noticed Crazy Yiuf
  1876 | D:2      | HP: 1/27 [Crazy Yiuf/+4 quarterstaff of chaos (16)]
  1878 | D:2      | Slain by Crazy Yiuf

Illustrated notes

Levels and vault maps discovered:
D:1:      psy_arrival_basics, layout_basic,
          shapermc_ecumenical_altar_mp_urbaneastern
D:2:      layout_rooms, basic_altar, uniq_crazy_yiuf_cottage

Skill      XL: |  1  2 |
---------------+-------+-----
Air Magic      | 5 |  5.1
Fighting       | |  2.2
Dodging        | |  0.4
Spellcasting   | |  1.3
Conjurations   | |  0.6
Poison Magic   | |  2.2

Action                     || total
---------------------------++-------
  Melee: Club              ||    20
         Whip              ||     2
         Punch             ||     1
   Cast: Shock             ||    59
    Use: Potion            ||     1
   Stab: Sleeping          ||     1
 Armour: Robe              ||     8
  Dodge: Dodged            ||    19
